 Dungeon Sprint DCSS version bcrawl-1.15.1 (webtiles) character file.

Game seed: 10034242836230440221

383 MordorOrchid the Ducker (level 6, -6/48 HPs)
             Began as an Oni Air Elementalist on Sept 28, 2019.
             Splashed by an acid dragon's acid (15 damage)
             ... in the Dungeon (Sprint IX: "|||||||||||||||||||||||||||||").
             The game lasted 00:03:01 (266 turns).

MordorOrchid the Ducker (Oni Air Elementalist)       Turns: 266, Time: 00:03:02

Health: -6/48      AC: 10    Str: 11    XL:     6   Next: 76%
Magic:  16/17      EV: 14    Int: 18    God:
Gold:   0          SH:  0    Dex: 15    Spells: 3/18 levels left

rFire    . . .     SeeInvis .   y - +2 rapier (drain)
rCold    . . .     Gourm    .   (no shield)
rNeg     . . .     Faith    .   p - +2 ring mail
rPois    .         Spirit   .   (helmet restricted)
rElec    .         Reflect  .   (no cloak)
rCorr    .         Harm     .   o - +0 pair of gloves
MR       .....     NoTele   +   (no boots)
Stlth    +.........             (no amulet)
HPRegen  0.16/turn              q - +2 ring of protection
MPRegen  0.15/turn              r - +3 ring of dexterity

@: very slightly contaminated
A: oni magic, claws 1, fangs 1, horns 1
a: no special abilities


You were in the Dungeon.
You were not hungry.

You visited 1 branch

Inventory:

Hand Weapons
 y - a +2 rapier of draining (weapon)
Armour
 a - a +0 animal skin
 o - a +0 pair of gloves (worn)
 p - a +2 ring mail (worn)
Magical Staves
 m - an uncursed staff of energy
Jewellery
 q - a +2 ring of protection (left hand)
 r - a +3 ring of dexterity (right hand)
Wands
 l - a wand of acid (10)
Scrolls
 i - 3 scrolls of remove curse
 j - 2 scrolls of blinking
 k - 2 scrolls of amnesia
Potions
 c - a potion of flight
 e - 5 potions of curing
 f - 3 potions of heal wounds
 h - 4 potions of magic
Comestibles
 b - 6 chunks of flesh
 d - a ration {!d}


   Skills:
 - Level 2.1 Fighting
 - Level 6.8 Dodging
 - Level 1.7 Stealth
 - Level 6.3 Unarmed Combat
 - Level 6.6 Spellcasting
 + Level 2.7 Evocations


You had 3 spell levels left.
You knew the following spells:

 Your Spells              Type           Power        Failure   Level  Hunger
a - Shock                 Conj/Air       ####.        1%          1    None
b - Airstrike             Air            ####......   12%         4    ####...
f - Lightning Bolt        Conj/Air       ####......   43%         5    #####..
i - Iskenderun's Mystic   Conj           ####....     3%          3    ##.....
w - Swiftness             Chrm/Air       ####....     2%          2    None

Your spell library contained the following spells:

 Spells                   Type           Power        Failure   Level  Hunger
 Apportation              Tloc           ####..       1%          1    None
 Throw Frost              Conj/Ice       ####..       2%          2    None
 Static Discharge         Air            ####....     3%          3    ##.....


Dungeon Overview and Level Annotations

Branches:
Dungeon (1/1)

Altars:
Cheibriados
Dithmenos
Elyvilon
Fedhas
Gozag
Hepliaklqana
Kikubaaqudgha
Lugonu
Makhleb
Nemelex Xobeh
Okawaru
Qazlal
Ru
Sif Muna
Trog
Uskayaw
Vehumet
Wu Jian
Xom
Yredelemnul
Zin
The Shining One
Beogh
Jiyva


Innate Abilities, Weirdness & Mutations

You learn spells by gaining experience, not through books or religion.
You only train spellcasting to practice magic.
You have sharp fingernails.
You have very sharp teeth.
You have a pair of small horns on your head.


Message History

Confirm with . or Enter, or press ? or * to list all spells.
Aiming: Shock (safe; 1% risk of failure)
Press: ? - help, Shift-Dir - straight line The zap hits the acid dragon.
The acid dragon is severely wounded.
The zap hits the steam dragon.
The steam dragon is almost dead.
The zap hits the worker ant.
The worker ant is lightly wounded.
The zap hits the ogre.
The ogre is moderately wounded.
The zap hits the ogre.
The ogre is heavily wounded.
You flicker back into view.
The worker ant twitches its antennae in your direction.
The acid dragon spits acid at you. The splash of acid hits you!
* * * LOW HITPOINT WARNING * * *
You are splashed with acid!
You die... ▓▓▓▓▓▓▓▓▓▓▓▓▓▓▓▓▓▓▓▓▓▓ ____'...).[...'.@DDaO+ ▓▓▓▓▓▓▓▓▓▓▓▓▓▓▓▓▓▓▓▓▓▓

You could see a steam dragon, an acid dragon, an ogre and a worker ant.

Vanquished Creatures
  An ice beast (D)
  A sky beast (D)
  An ogre (D)
  A centaur (D)
  An iguana (D)
  A dart slug (D)
  2 leopard geckos (D)
  A bat (D)
  A jackal zombie (D)
  A quokka zombie (D)
  A rat (D)
12 creatures vanquished.

Notes
Turn   | Place    | Note
-------+----------+-------------------------------------------
     0 | D        | MordorOrchid the Oni Air Elementalist began the quest for
                  | the Orb.
     0 | D        | Reached XP level 1. HP: 14/14 MP: 4/4
     5 | D        | Reached skill level 1 in Fighting
     8 | D        | Reached XP level 2. HP: 20/24 MP: 0/7
    15 | D        | Learned a level 2 spell: Swiftness
    65 | D        | Noticed an ice beast
    65 | D        | Noticed a centaur
    65 | D        | Noticed a sky beast
    65 | D        | Noticed an ogre
    77 | D        | Killed an ice beast
    77 | D        | Reached XP level 3. HP: 24/29 MP: 0/10
    77 | D        | Reached XP level 4. HP: 31/36 MP: 0/12
    80 | D        | Killed a centaur
    80 | D        | Reached skill level 5 in Dodging
    80 | D        | Reached skill level 5 in Spellcasting
    80 | D        | Reached XP level 5. HP: 19/41 MP: 0/14
    84 | D        | Killed a sky beast
    84 | D        | Reached skill level 5 in Unarmed Combat
    84 | D        | Reached XP level 6. HP: 24/48 MP: 1/17
    97 | D        | Learned a level 5 spell: Lightning Bolt
   102 | D        | Learned a level 4 spell: Airstrike
   106 | D        | Learned a level 3 spell: Iskenderun's Mystic Blast
   110 | D        | Found a roughly hewn altar of Beogh.
   110 | D        | Found a snail-covered altar of Cheibriados.
   110 | D        | Found a shadowy altar of Dithmenos.
   110 | D        | Found a white marble altar of Elyvilon.
   110 | D        | Found a blossoming altar of Fedhas.
   110 | D        | Found an opulent altar of Gozag.
   111 | D        | Found a hazy altar of Hepliaklqana.
   112 | D        | Found a viscous altar of Jiyva.
   113 | D        | Found an ancient bone altar of Kikubaaqudgha.
   114 | D        | Found a corrupted altar of Lugonu.
   115 | D        | Found a burning altar of Makhleb.
   116 | D        | Found a sparkling altar of Nemelex Xobeh.
   117 | D        | Found an iron altar of Okawaru.
   118 | D        | Found a stormy altar of Qazlal.
   119 | D        | Found a sacrificial altar of Ru.
   120 | D        | Found a shimmering blue altar of Sif Muna.
   121 | D        | Found a bloodstained altar of Trog.
   122 | D        | Found a hide-covered altar of Uskayaw.
   123 | D        | Found a radiant altar of Vehumet.
   124 | D        | Found an ornate altar of the Wu Jian Council.
   125 | D        | Found a shimmering altar of Xom.
   126 | D        | Found a basalt altar of Yredelemnul.
   127 | D        | Found a glowing silver altar of Zin.
   128 | D        | Found a glowing golden altar of the Shining One.
   250 | D        | Noticed an acid dragon
   250 | D        | Noticed a steam dragon
   266 | D        | Splashed by an acid dragon's acid

Skill      XL: |  1  2  3  4  5  6 |
---------------+-------------------+-----
Fighting       | 2 |  2.1
Spellcasting   | 2 4 5 6 |  6.6
Dodging        | 4 5 6 |  6.8
Unarmed Combat | 3 4 5 6 |  6.3
Evocations     | 2 |  2.7
Stealth        | |  1.7

Action                   |  1- 3 |  4- 6 || total
-------------------------+-------+-------++-------
Melee: Unarmed           |     4 |     7 ||    11
       Bite              |       |     3 ||     3
       Headbutt          |       |     4 ||     4
       Rapier            |       |    12 ||    12
       Punch             |       |     1 ||     1
 Cast: Shock             |    10 |     1 ||    11
  Use: Potion            |     2 |     1 ||     3
 Stab: Sleeping          |       |     1 ||     1
Armor: Animal skin       |     1 |       ||     1
       Ring mail         |       |     2 ||     2
Dodge: Dodged            |     7 |    14 ||    21
